 Dungeon Crawl Stone Soup version 0.25-a0-589-g1e14c549ee (webtiles) character file.

Game seed: 287826341596568662, levelgen mode: deterministic

30 Kohma the Ruffian (level 3, 0/29 HPs)
             Began as a Draconian Transmuter on Mar 10, 2020.
             Slain by an orc priest
             ... wielding a +0 short sword
              (4 damage)
             ... on level 2 of the Dungeon.
             The game lasted 00:03:00 (1182 turns).

Kohma the Ruffian (Draconian Transmuter)            Turns: 1182, Time: 00:03:00

Health: 0/29       AC:  6    Str: 12    XL:     3   Next: 5%
Magic:  2/6        EV: 12    Int: 14    God:
Gold:   56         SH:  0    Dex: 11    Spells: 3/6 levels left

rFire    . . .     SeeInvis .     - Unarmed
rCold    . . .     Gourm    .   (no shield)
rNeg     . . .     Faith    .   (armour unavailable)
rPois    .         Spirit   .   (helmet restricted)
rElec    .         Reflect  .   (no cloak)
rCorr    .         Harm     .   (no gloves)
MR       .....                  e - +0 pair of boots
Stlth    +.........             (no amulet)
HPRegen  0.09/turn              (no ring)
MPRegen  0.10/turn              (no ring)

@: appendage (expiring)
A: unfitting armour, horns 2, cold-blooded, AC +5
a: End Transformation


You were on level 2 of the Dungeon.
You were not hungry.
You had grown temporary horns.
You visited 1 branch of the dungeon, and saw 2 of its levels.

You collected 56 gold pieces.

Inventory:

Missiles
 a - 9 arrows
Armour
 e - a +0 pair of boots (worn)
Scrolls
 b - a scroll of amnesia {unknown}
 g - a scroll of enchant weapon {unknown}
Potions
 f - a potion of stabbing {unknown}
Comestibles
 c - 3 rations


   Skills:
 + Level 1.8 Fighting
 + Level 2.2 Dodging
 * Level 3.7 Unarmed Combat
 - Level 2.0 Spellcasting
 - Level 2.0 Transmutations


You had 3 spell levels left.
You knew the following spells:

 Your Spells              Type           Power        Failure   Level  Hunger
a - Beastly Appendage     Tmut           #.....       11%         1    ##.....
b - Sticks to Snakes      Tmut           #.......     16%         2    ###....

Your spell library contained the following spells:

 Spells                   Type           Power        Failure   Level  Hunger
 Spider Form              Tmut/Pois      #.........   43%         3    ####...
 Ice Form                 Ice/Tmut       #.......     83%         4    #####..
 Blade Hands              Tmut           #.........   96%         5    ######.


Dungeon Overview and Level Annotations

Branches:
Dungeon (2/15)

Altars:


Innate Abilities, Weirdness & Mutations

Your plain brown scales are hard. (AC +5)
You cannot fit into any form of body armour.
You are cold-blooded and may be slowed by cold attacks.
You have a pair of horns on your head.


Message History

The orc hits you but does no damage.
The orc priest invokes the aid of Beogh against you.
Beogh smites you!
Ouch! That really hurt!
Your ball python barely misses the orc priest.
Your ball python closely misses the orc priest.
You hit the orc priest.
The orc priest is moderately wounded.
The orc priest looks satisfied for a moment.
Your ball python bites the orc priest.
Your ball python grabs the orc priest.
Your ball python constricts the orc priest.
The orc hits you with a +0 morningstar!
* * * LOW HITPOINT WARNING * * *
Your adder bites the orc.
The orc is poisoned.
Your adder poisons the orc!
The orc barely misses your ball python.
Your ball python bites the orc priest but does no damage.
Your ball python constricts the orc priest.
Your adder completely misses the orc.
The orc priest hits you with a +0 short sword.
You die...

..#.# ##.#..
#.....
#.....
#.....
#...o.
##...So##
......o@#
....#..S.†.#
. ........##
....#.....#
... #.....#
## #.....#
#.....#
#.....#


You could see an orc priest, 2 orcs, a friendly adder and a friendly ball
python.

Vanquished Creatures
  2 dart slugs (D:1)
  A leopard gecko (D:1)
  An orc (D:2)
  A ball python (D:1)
  A bat (D:1)
  6 goblins (D:1)
  2 hobgoblins (D:1)
  2 frilled lizards (D:1)
  3 kobolds (D:1)
  4 rats (D:1)
23 creatures vanquished.

Vanquished Creatures (collateral kills)
  A bat (D:2)
1 creature vanquished.

Grand Total: 24 creatures vanquished

Notes
Turn   | Place    | Note
-------+----------+-------------------------------------------
     0 | D:1      | Kohma the Draconian Transmuter began the quest for the Orb.
     0 | D:1      | Reached XP level 1. HP: 16/16 MP: 3/3
   395 | D:1      | Reached XP level 2. HP: 13/23 MP: 5/5
   559 | D:1      | Learned a level 2 spell: Sticks to Snakes
   915 | D:1      | Reached XP level 3. HP: 29/29 MP: 6/6
  1182 | D:2      | Slain by an orc priest

Levels and vault maps discovered:
D:1:      roderic_chinese_lattice_arrival, layout_basic, serial_glass,
          glass_columns_a, glass_columns_a, glass_columns_a
D:2:      layout_basic, lemuel_coloured_pillars_altar,
          nicolae_overflow_hidden_temple

Skill      XL: |  1 |
---------------+----+-----
Dodging        | 2 |  2.2
Fighting       | |  1.8
Unarmed Combat | |  3.7
Spellcasting   | |  2.0
Transmutations | |  2.0

Action                   || total
-------------------------++-------
Melee: Unarmed           ||    69
       Tailslap          ||     6
       Headbutt          ||     2
 Cast: Beastly Appendage ||     5
       Sticks to Snakes  ||     3
  Eat: Chunk             ||     1
Armor: Skin              ||    18
Dodge: Dodged            ||    36

Table legend:
 A = Non-vault XP
 B = Vault XP
 C = Vault XP percentage of total XP
 D = Non-vault monster count
 E = Vault monster count
 F = Vault count percentage of total count
                 A         B        C        D         E       F
            +---------+---------+-------+---------+---------+-------
      Total |      44 |       0 |   0.0 |      24 |       0 |   0.0
            +---------+---------+-------+---------+---------+-------
        D:1 |      41 |       0 |   0.0 |      22 |       0 |   0.0
        D:2 |       3 |       0 |   0.0 |       2 |       0 |   0.0
            +---------+---------+-------+---------+---------+-------
